[Event "WSTCC-65 2024"]
[Site "Krakow"]
[Date "2024.07.03"]
[Round "2.10"]
[White "Kusina, Jan"]
[Black "Lomer, Edmund"]
[Result "1-0"]
[ECO "E16"]
[WhiteElo "1969"]
[BlackElo "1943"]
[Annotator "NA RC"]
[PlyCount "131"]
[EventDate "2024.07.01"]
[EventType "team-tourn"]
[EventCountry "POL"]
[SourceTitle "playchess.com"]
[Source "ChessBase"]
[SourceQuality "1"]
[TimeControl "40/5400+30:1800+30"]

1. d4 Nf6 2. c4 e6 3. Nf3 Bb4+ 4. Bd2 Qe7 5. a3 Bxd2+ 6. Nbxd2 b6 7. e3 Bb7 8. Bd3 O-O 9. O-O d6 10. e4 Nbd7 11. Qc2 e5 12. d5 Nc5 13. Be2 a5 14. b4 axb4 15. axb4 Ncd7 16. Nb3 g6 17. Rfc1 Rxa1 18. Rxa1 Ra8 19. Rxa8+ Bxa8 20. Nfd2 Qf8 21. Qa2 Qb8 22. Qa3 Bb7 23. c5 bxc5 24. bxc5 Bc8 25. h3 Kg7 26. Bd3 dxc5 27. Nxc5 Qb6 28. Ncb3 Bb7 29. Nc4 Qa6 30. Qb4 Qa7 31. Nca5 Ba8 32. Qc3 h5 33. g3 Qb8 34. Kg2 Qb6 35. Bc2 Qa7 36. Nc4 Qa2 37. Nca5 Qa4 38. Nd2 Qd4 39. Qxd4 exd4 40. Ndb3 Nxd5 41. exd5 Bxd5+ 42. Kf1 c5 43. Ke2 Kf6 44. Bd3 g5 45. Bb5 Ne5 46. Nxc5 Bg2 47. Nd7+ Nxd7 48. Bxd7 h4 49. Nc4 hxg3 50. fxg3 Ke7 51. Bc8 Kf6 52. Kd3 Kg6 53. Ne5+ Kg7 54. Kxd4 f6 55. Nc4 Kg6 56. Ne3 Bc6 57. Bf5+ Kg7 58. Kc5 Ba4 59. Kd6 Bb5 60. Ke7 Ba4 61. Ng4 Bb5 62. Nxf6 Bf1 63. Ne8+ Kh6 64. Kf6 Be2 65. Nd6 Kh5 66. Bg6+ 1-0

[Event "WSTCC-65 2024"]
[Site "Krakow"]
[Date "2024.07.03"]
[Round "2.11"]
[White "Hammar, Bengt"]
[Black "Roos, Louis"]
[Result "0-1"]
[ECO "C11"]
[WhiteElo "2127"]
[BlackElo "2288"]
[Annotator "RC"]
[PlyCount "96"]
[EventDate "2024.07.01"]
[EventType "team-tourn"]
[EventCountry "POL"]
[SourceTitle "playchess.com"]
[Source "ChessBase"]
[SourceQuality "1"]
[TimeControl "40/5400+30:1800+30"]

1. e4 e6 2. d4 d5 3. Nc3 Nf6 4. Bg5 dxe4 5. Nxe4 Be7 6. Bxf6 gxf6 7. Nf3 b6 8. g3 Bb7 9. Qe2 Qd5 10. Qb5+ Nd7 11. Qxd5 Bxd5 12. Ned2 c5 13. dxc5 Bxc5 14. Bg2 Ne5 15. O-O O-O-O 16. Rad1 Bxf3 17. Nxf3 Rxd1 18. Rxd1 Ng4 19. Rf1 Rd8 20. Bh3 Ne5 21. Nxe5 fxe5 22. Bg4 Rd2 23. Bd1 e4 24. a3 a5 25. b4 axb4 26. axb4 Bxb4 27. Bh5 f5 28. Rd1 Rxc2 29. Bf7 Rc6 30. h4 Kc7 31. Be8 Rd6 32. Rxd6 Kxd6 33. Kf1 e5 34. Ba4 h6 35. Be8 Kd5 36. Bd7 f4 37. Ke2 Be7 38. h5 Kd4 39. Bc6 fxg3 40. fxg3 Bg5 41. Kf2 e3+ 42. Ke2 Kc5 43. Bf3 b5 44. Kd3 b4 45. Bd1 e4+ 46. Kc2 Bf6 47. Kb3 Be5 48. g4 Bc3 0-1

[Event "WSTCC-65 2024"]
[Site "Krakow"]
[Date "2024.07.03"]
[Round "2.11"]
[White "Krupa, Krzysztof"]
[Black "Stebbings, Anthony J"]
[Result "0-1"]
[ECO "B40"]
[WhiteElo "1947"]
[BlackElo "2240"]
[Annotator "RC"]
[PlyCount "90"]
[EventDate "2024.07.01"]
[EventType "team-tourn"]
[EventCountry "POL"]
[SourceTitle "playchess.com"]
[Source "ChessBase"]
[SourceQuality "1"]
[TimeControl "40/5400+30:1800+30"]

1. e4 c5 2. Nf3 e6 3. c3 Nf6 4. e5 Nd5 5. d4 cxd4 6. Qxd4 Nc6 7. Qe4 f5 8. Qe2 Qc7 9. g3 Nde7 10. Bg2 Ng6 11. Bf4 Nxf4 12. gxf4 d6 13. Na3 a6 14. Nc2 dxe5 15. Nxe5 Nxe5 16. fxe5 Be7 17. f4 Bh4+ 18. Kf1 O-O 19. Nd4 Bd7 20. Rd1 Rad8 21. Rg1 Bc8 22. Rd3 Rf7 23. Qh5 Be7 24. Rh3 g6 25. Bf3 Rg7 26. Qh6 Qc4+ 27. Be2 Qxa2 28. Rhg3 Bc5 29. Qh4 Be7 30. Qh6 Bc5 31. Qh4 Rdd7 32. Rd3 Qxb2 33. Qf6 Bxd4 34. Qxe6+ Rgf7 35. cxd4 Qc1+ 36. Kg2 Qxf4 37. Qb3 Rd8 38. e6 Re7 39. d5 b5 40. Qc3 Bb7 41. Qf6 Rxd5 42. Rf3 Rd2 43. Kf2 Bxf3 44. Rxg6+ hxg6 45. Qxg6+ Rg7 0-1

[Event "WSTCC-65 2024"]
[Site "Krakow"]
[Date "2024.07.03"]
[Round "2.11"]
[White "Hansch, Klaus-Michael"]
[Black "Irlik, Andrzej"]
[Result "1/2-1/2"]
[ECO "A45"]
[WhiteElo "1898"]
[BlackElo "1983"]
[Annotator "NA RC"]
[PlyCount "37"]
[EventDate "2024.07.01"]
[EventType "team-tourn"]
[EventCountry "POL"]
[SourceTitle "playchess.com"]
[Source "ChessBase"]
[SourceQuality "1"]
[TimeControl "40/5400+30:1800+30"]

1. d4 Nf6 2. Nc3 e6 3. e4 Bb4 4. Bd3 c5 5. dxc5 Bxc3+ 6. bxc3 Qa5 7. Bd2 Qxc5 8. Nf3 Nc6 9. O-O O-O 10. Qe1 b6 11. Be3 Qa3 12. Bc1 Qa5 13. Bd2 Bb7 14. c4 Qc5 15. Be3 Qa3 16. Bc1 Qc5 17. Be3 Qa3 18. Bc1 Qc5 19. Be3 1/2-1/2

[Event "WSTCC-65 2024"]
[Site "Krakow"]
[Date "2024.07.03"]
[Round "2.12"]
[White "Povah, Nigel E"]
[Black "Krupa, Jerzy"]
[Result "1-0"]
[ECO "A45"]
[WhiteElo "2179"]
[BlackElo "1885"]
[Annotator "RC"]
[PlyCount "40"]
[EventDate "2024.07.01"]
[EventType "team-tourn"]
[EventCountry "POL"]
[SourceTitle "playchess.com"]
[Source "ChessBase"]
[SourceQuality "1"]
[TimeControl "40/5400+30:1800+30"]

1. d4 Nf6 2. Bf4 e6 3. e3 d5 4. Nd2 Bd6 5. Bg3 O-O 6. Ngf3 b6 7. Bd3 Ba6 8. Bxa6 Nxa6 9. c3 c5 10. Qe2 Nc7 11. Rd1 cxd4 12. exd4 Bxg3 13. hxg3 Qd6 14. Ne5 h6 15. f4 Nce8 16. g4 Nh7 17. g5 hxg5 18. fxg5 f6 19. Rxh7 fxe5 20. Qh5 Rf1+ 1-0

[Event "WSTCC-65 2024"]
[Site "Krakow"]
[Date "2024.07.03"]
[Round "2.12"]
[White "Roos, Jean-Luc"]
[Black "Dalling, Peter"]
[Result "1-0"]
[ECO "C55"]
[WhiteElo "2161"]
[BlackElo "1877"]
[Annotator "RC"]
[PlyCount "63"]
[EventDate "2024.07.01"]
[EventType "team-tourn"]
[EventCountry "POL"]
[SourceTitle "playchess.com"]
[Source "ChessBase"]
[SourceQuality "1"]
[TimeControl "40/5400+30:1800+30"]

1. e4 e5 2. Nf3 Nc6 3. Bc4 Nf6 4. d3 Be7 5. O-O O-O 6. Re1 d6 7. c3 Bg4 8. h3 Be6 9. Nbd2 Qd7 10. Nf1 Na5 11. Bxe6 fxe6 12. d4 exd4 13. e5 Nd5 14. exd6 cxd6 15. Nxd4 e5 16. Nb3 Qb5 17. Nxa5 Qxa5 18. Qb3 Kh8 19. Bd2 Qc5 20. Be3 Qc6 21. Rad1 Nf6 22. Bg5 h6 23. Bxf6 Rxf6 24. Ne3 Rg6 25. Qf7 Qe8 26. Qf5 Rg5 27. Qe4 Rg6 28. Nd5 Rg5 29. Nc7 Qc8 30. Nxa8 Qxa8 31. f4 Rg3 32. fxe5 1-0

[Event "WSTCC-65 2024"]
[Site "Krakow"]
[Date "2024.07.03"]
[Round "2.12"]
[White "Turecki, Stanislaw"]
[Black "Mueggenburg, Rolf"]
[Result "1-0"]
[ECO "B07"]
[WhiteElo "1873"]
[BlackElo "1777"]
[Annotator "NA RC"]
[PlyCount "59"]
[EventDate "2024.07.01"]
[EventType "team-tourn"]
[EventCountry "POL"]
[SourceTitle "playchess.com"]
[Source "ChessBase"]
[SourceQuality "1"]
[TimeControl "40/5400+30:1800+30"]

1. e4 d6 2. d4 Nf6 3. Nc3 c6 4. Bd3 e5 5. Nf3 Bg4 6. dxe5 dxe5 7. h3 Bxf3 8. Qxf3 Nbd7 9. Be3 Bc5 10. O-O-O Bd4 11. Ne2 Qb6 12. Bxd4 exd4 13. Qg3 O-O-O 14. Qxg7 Rhg8 15. Qxf7 c5 16. g3 Ne5 17. Qb3 Qc6 18. Qb5 Qc7 19. f4 a6 20. Qa4 Nc6 21. g4 Nd7 22. g5 Nb6 23. c4 Na5 24. Qc2 Nc6 25. a3 a5 26. Rdf1 a4 27. Kb1 Na5 28. Ng3 Qf7 29. e5 Naxc4 30. e6 1-0

[Event "WSTCC-65 2024"]
[Site "Krakow"]
[Date "2024.07.03"]
[Round "2.13"]
[White "Ftacnik, Lubomir"]
[Black "Meulders, Richard"]
[Result "1-0"]
[ECO "A88"]
[WhiteElo "2452"]
[BlackElo "2154"]
[Annotator "TA"]
[PlyCount "49"]
[EventDate "2024.07.01"]
[EventType "team-tourn"]
[EventCountry "POL"]
[SourceTitle "playchess.com"]
[Source "ChessBase"]
[SourceQuality "1"]
[TimeControl "40/5400+30:1800+30"]

1. d4 f5 2. Nf3 Nf6 3. g3 g6 4. c4 Bg7 5. Bg2 O-O 6. O-O d6 7. Nc3 c6 8. b4 Ne4 9. Bb2 Na6 10. Qb3 Kh8 11. Rad1 d5 {[%emt 0:13:22] White is better.} 12. cxd5 cxd5 13. Ne5 (13. Nxd5 $2 Be6 14. Qa3 Qxd5 $19 (14... Bxd5 $2 15. Ne5 $19)) 13... Nc7 14. Nxe4 fxe4 15. f3 Be6 16. fxe4 Rxf1+ 17. Rxf1 dxe4 (17... Bxe5 $14 {should be considered.} 18. dxe5 dxe4) 18. Qc2 (18. Qxe6 $16 Nxe6 19. Nf7+ Kg8 20. Nxd8 Rxd8 21. e3) 18... Kg8 {[%emt 0:07:35] Prevents Nf7} 19. Qxe4 {[%emt 0:04:02][%cal Oe5g6] [#] Nxg6! is the strong threat. White is much more active.} Bxa2 $2 {[%emt 0:00:43] A mistake that costs the game.} (19... Bd5 $14 20. Qf4 Qd6) 20. Qxb7 $18 Bd5 (20... Bxe5 21. dxe5 Bd5 22. Qxc7 Qxc7 23. Bxd5+ e6 24. Bxa8 a5) 21. Bxd5+ {[%emt 0:04:21] White is clearly winning.} (21. Qxc7 Qxc7 22. Bxd5+ e6 23. Bxa8 Bxe5 24. dxe5 Qb6+ 25. Kg2 Qxb4 $18) 21... Nxd5 22. Qc6 Bxe5 23. Qe6+ ({Worse is} 23. dxe5 Qb6+ 24. Qxb6 axb6 $17) 23... Kh8 {[%emt 0:00:35] [#] ...Bf6 would now be deadly.} 24. Qxe5+ ({Not} 24. dxe5 Qb6+ 25. Qxb6 axb6 $18) 24... Nf6 25. d5 {[%emt 0:01:35] Weighted Error Value: White=0.29 (precise) /Black=0.81.  Loses game:     	---       	Black=1      Mistake:       	White=1     	Black=2      Inaccurate:     	White=1     	Black=1      OK:         	White=6     	Black=3      Best:        	White=2     	Black=1} 1-0

[Event "WSTCC-65 2024"]
[Site "Krakow"]
[Date "2024.07.03"]
[Round "2.13"]
[White "Westerinen, Heikki M.J."]
[Black "Quinn, John M"]
[Result "1/2-1/2"]
[ECO "B40"]
[WhiteElo "2221"]
[BlackElo "2073"]
[Annotator "TA"]
[PlyCount "41"]
[EventDate "2024.07.01"]
[EventType "team-tourn"]
[EventCountry "POL"]
[SourceTitle "playchess.com"]
[Source "ChessBase"]
[SourceQuality "1"]
[TimeControl "40/5400+30:1800+30"]

1. e4 c5 2. Nf3 e6 3. b3 Nf6 4. e5 Nd5 5. Bb2 Nc6 6. Nc3 Nxc3 7. Bxc3 Be7 {[%emt 0:03:48] The position is equal.} 8. Bb5 Qc7 9. O-O b6 10. Qe2 Bb7 11. Ba6 Bxa6 12. Qxa6 O-O 13. Qc4 f6 14. Rae1 fxe5 15. Nxe5 Nxe5 16. Bxe5 Bd6 17. Qc3 Bxe5 18. Rxe5 Rf6 19. Rfe1 Raf8 20. f3 Rf4 21. R5e4 {[%emt 0:08:30] An uneventful encounter.   Weighted Error Value: White=0.08 (flawless) /Black=0.04 (flawless) .  OK:         	White=3     	Black=8} 1/2-1/2

[Event "WSTCC-65 2024"]
[Site "Krakow"]
[Date "2024.07.03"]
[Round "2.13"]
[White "Chubar, Vladimir"]
[Black "Idesis, Yaacov"]
[Result "1/2-1/2"]
[ECO "D03"]
[WhiteElo "1836"]
[BlackElo "1879"]
[Annotator "NA RC"]
[PlyCount "36"]
[EventDate "2024.07.01"]
[EventType "team-tourn"]
[EventCountry "POL"]
[SourceTitle "playchess.com"]
[Source "ChessBase"]
[SourceQuality "1"]
[TimeControl "40/5400+30:1800+30"]

1. d4 d5 2. Nf3 Nf6 3. Bg5 c6 4. Nbd2 Bf5 5. e3 e6 6. Be2 Be7 7. O-O Nbd7 8. Nh4 Bg6 9. Nxg6 hxg6 10. c4 Nh5 11. Bxe7 Qxe7 12. cxd5 exd5 13. b4 Nhf6 14. h3 O-O 15. Qb3 Ne4 16. Nxe4 Qxe4 17. a4 Qe6 18. b5 Rfd8 1/2-1/2

[Event "WSTCC-65 2024"]
[Site "Krakow"]
[Date "2024.07.03"]
[Round "2.14"]
[White "Rooze, Jan"]
[Black "Plachetka, Jan"]
[Result "1/2-1/2"]
[ECO "C50"]
[WhiteElo "2222"]
[BlackElo "2289"]
[Annotator "TA"]
[PlyCount "37"]
[EventDate "2024.07.01"]
[EventType "team-tourn"]
[EventCountry "POL"]
[SourceTitle "playchess.com"]
[Source "ChessBase"]
[SourceQuality "1"]
[TimeControl "40/5400+30:1800+30"]

1. e4 e5 2. Nf3 Nc6 3. Bc4 Bc5 4. O-O d6 5. a4 a6 6. c3 Nf6 7. d3 O-O 8. Bg5 Ba7 9. Nbd2 h6 10. Bh4 Qe7 11. Ba2 g5 12. Bg3 Be6 13. Nc4 Ne8 14. Ne3 Bxe3 {[%emt 0:00:37] Die Stellung ist ausgeglichen.} 15. fxe3 Ng7 16. Bf2 Bxa2 17. Rxa2 Qe6 18. b3 f5 19. exf5 {[%emt 0:01:57] Ein ziemlich ruhiges Remis.   Gewichteter Fehlerwert: Weiß=0.12 (sehr präzise) /Schwarz=0.10 (sehr präzise) .  Ungenau:       	Weiß=1     	Schwarz=1     OK:         	Weiß=3     	Schwarz=3} 1/2-1/2

[Event "WSTCC-65 2024"]
[Site "Krakow"]
[Date "2024.07.03"]
[Round "2.14"]
[White "Orton, Stephen L A"]
[Black "Hentunen, Asko"]
[Result "1/2-1/2"]
[ECO "B35"]
[WhiteElo "2115"]
[BlackElo "2207"]
[Annotator "TA"]
[PlyCount "76"]
[EventDate "2024.07.01"]
[EventType "team-tourn"]
[EventCountry "POL"]
[SourceTitle "playchess.com"]
[Source "ChessBase"]
[SourceQuality "1"]
[TimeControl "40/5400+30:1800+30"]

1. e4 c5 2. Nf3 g6 3. d4 cxd4 4. Nxd4 Bg7 5. Nc3 Nc6 6. Be3 Nf6 7. Bc4 O-O 8. Bb3 Ng4 9. Qxg4 Nxd4 10. Qh4 Nc6 (10... b5 $11) 11. O-O {[%emt 0:03:34] Weiß steht deutlich aktiver.} d6 12. Bh6 Be6 {[%emt 0:10:43] Weiß steht etwas besser.} 13. Nd5 Bxh6 14. Qxh6 Bxd5 15. Bxd5 Qb6 16. Rad1 Ne5 {[%emt 0:05:31][%cal Oa7a5] Verhindert Rd3.} 17. h4 ({Besser ist} 17. Bb3 $11) 17... e6 (17... a5 $15 18. a4 Qxb2) 18. Bb3 $11 a5 {[%emt 0:08:45] [#] Droht ...a4 und aus.} 19. a4 $1 Qd8 20. Qg5 Ra6 21. Rd4 (21. f4 $14 Nd7 22. Bc4) 21... Qxg5 22. hxg5 Rc8 23. Rfd1 Rcc6 24. f4 Ng4 25. R4d3 Kg7 26. Rg3 h5 27. gxh6+ Nxh6 28. Rg5 Ra8 29. Rb5 b6 30. Kf2 Rh8 31. Kf3 Ng8 {[%emt 0:01:43] Die Stellung ist ausgeglichen.} 32. f5 gxf5 33. exf5 d5 34. fxe6 fxe6 35. Rd4 Ne7 36. c4 dxc4 37. Bxc4 Rf8+ 38. Ke2 Rf5 {[%emt 0:00:38] Gewichteter Fehlerwert: Weiß=0.15 (sehr präzise) /Schwarz=0.15 (sehr präzise) .  Fehler:       	Weiß=2     	Schwarz=1     Ungenau:       	Weiß=4     	Schwarz=2     OK:         	Weiß=8     	Schwarz=12    Bester:       	Weiß=1     	---        Stark:        	Weiß=1     	---} 1/2-1/2

[Event "WSTCC-65 2024"]
[Site "Krakow"]
[Date "2024.07.03"]
[Round "2.14"]
[White "Reem, Meir"]
[Black "Dovzhenko, Viktor"]
[Result "0-1"]
[ECO "A41"]
[WhiteElo "1866"]
[BlackElo "2044"]
[Annotator "NA RC"]
[PlyCount "38"]
[EventDate "2024.07.01"]
[EventType "team-tourn"]
[EventCountry "POL"]
[SourceTitle "playchess.com"]
[Source "ChessBase"]
[SourceQuality "1"]
[TimeControl "40/5400+30:1800+30"]

1. d4 d6 2. Nf3 Bg4 3. Bf4 Nf6 4. Nc3 Nbd7 5. Qd2 c6 6. e4 Bxf3 7. gxf3 e5 8. Be3 exd4 9. Bxd4 b5 10. Be3 b4 11. Nd1 d5 12. Bg5 dxe4 13. Qe3 Bc5 14. Bxf6 Qxf6 15. Qxe4+ Kf8 16. Kd2 Re8 17. Qg4 Ne5 18. Qh5 Nxf3+ 19. Kc1 Qf4+ 0-1

[Event "WSTCC-65 2024"]
[Site "Krakow"]
[Date "2024.07.03"]
[Round "2.15"]
[White "Lanc, Alois"]
[Black "Van Herck, Marcel"]
[Result "1/2-1/2"]
[ECO "B12"]
[WhiteElo "2256"]
[BlackElo "1942"]
[Annotator "TA"]
[PlyCount "72"]
[EventDate "2024.07.01"]
[EventType "team-tourn"]
[EventCountry "POL"]
[SourceTitle "playchess.com"]
[Source "ChessBase"]
[SourceQuality "1"]
[TimeControl "40/5400+30:1800+30"]

1. e4 c6 2. d4 d5 3. e5 c5 4. dxc5 e6 5. a3 Bxc5 6. Qg4 Ne7 7. b4 Bb6 {[%emt 0:00:21] And now ...Qc7 would win.} 8. Nf3 Kf8 9. Bd3 Nd7 10. O-O a5 11. Bb2 $36 {[%emt 0:08:59][%cal Bc1b2,Bb2a1,Ba1c3,Bc3d4][%mdl 2080] Black is under pressure.} axb4 12. axb4 Rxa1 13. Bxa1 Nc6 14. Re1 Qe7 15. Bc3 d4 16. Nxd4 ({Much worse is} 16. Bxd4 Bxd4 17. Nxd4 Ndxe5 18. Nxc6 Nxg4 $11) (16. Bb2 {is interesting.} h5 17. Qf4 Nxb4 18. Nxd4 Nd5 19. Qd2) 16... Ncxe5 (16... Ndxe5 $14 17. Qg3 Nxd4 18. Qxe5 f6) 17. Qg3 Nxd3 18. cxd3 Bxd4 19. Bxd4 f6 {[%emt 0:00:04][%cal Of8f7] Black is weak on the dark squares} 20. Qc7 Kf7 21. Qc4 {[%emt 0:00:20] White has more active pieces.} ({White should try} 21. Nc3 $16) 21... Qd6 $11 22. Nc3 Nb6 23. Qc5 Qxc5 24. bxc5 Nd5 25. Nb5 Ke7 26. Rb1 Kd7 27. f3 Kc6 28. Bf2 Rd8 29. Na7+ Kc7 30. Nb5+ Kc6 31. Na7+ Kc7 32. Bg3+ e5 {[%emt 0:00:06] The position is equal.} 33. Nb5+ Kc6 34. Na7+ Kc7 35. Nb5+ Kc6 36. Na7+ Kc7 {Weighted Error Value: White=0.14 (very precise) /Black=0.12 (very precise) .  Mistake:       	White=1     	Black=1      Inaccurate:     	White=2     	Black=5      OK:         	White=7     	Black=9      Best:        	White=1     	Black=7} 1/2-1/2

[Event "WSTCC-65 2024"]
[Site "Krakow"]
[Date "2024.07.03"]
[Round "2.15"]
[White "Joentausta, Hannu"]
[Black "Hewson, Brian W R"]
[Result "1/2-1/2"]
[ECO "B10"]
[WhiteElo "2102"]
[BlackElo "2042"]
[Annotator "NA RC"]
[PlyCount "53"]
[EventDate "2024.07.01"]
[EventType "team-tourn"]
[EventCountry "POL"]
[SourceTitle "playchess.com"]
[Source "ChessBase"]
[SourceQuality "1"]
[TimeControl "40/5400+30:1800+30"]

1. e4 c6 2. d3 d5 3. Nd2 e5 4. Ngf3 Bd6 5. g3 Nf6 6. Bg2 O-O 7. O-O Nbd7 8. Re1 Re8 9. Nf1 dxe4 10. dxe4 Nf8 11. Nh4 Bb4 12. c3 Qxd1 13. Rxd1 Bg4 14. f3 Bc5+ 15. Be3 Bxe3+ 16. Nxe3 Be6 17. Bf1 g6 18. Kf2 N8d7 19. Nc4 Bxc4 20. Bxc4 Nb6 21. Bb3 Rad8 22. Ng2 Kf8 23. Ne3 Rxd1 24. Rxd1 Re7 25. Rd6 Kg7 26. Ke2 Rd7 27. Rxd7 1/2-1/2

[Event "WSTCC-65 2024"]
[Site "Krakow"]
[Date "2024.07.03"]
[Round "2.15"]
[White "Karnaukh, Anatolij"]
[Black "Gorjaltsan, Eduard"]
[Result "1/2-1/2"]
[ECO "D02"]
[WhiteElo "1970"]
[BlackElo "1884"]
[Annotator "NA RC"]
[PlyCount "69"]
[EventDate "2024.07.01"]
[EventType "team-tourn"]
[EventCountry "POL"]
[SourceTitle "playchess.com"]
[Source "ChessBase"]
[SourceQuality "1"]
[TimeControl "40/5400+30:1800+30"]

1. d4 d5 2. Nf3 Nf6 3. Bf4 e6 4. e3 Bd6 5. Bd3 b6 6. c3 O-O 7. Nbd2 Bb7 8. Ne5 c5 9. O-O Nc6 10. Qe2 Qc7 11. Ndf3 Ne4 12. Nxc6 Bxc6 13. Bxd6 Qxd6 14. a4 a5 15. Ne5 Bb7 16. f3 f6 17. Ng4 Ng5 18. Qc2 f5 19. Ne5 Rac8 20. Qd2 Rf6 21. f4 Ne4 22. Qe2 cxd4 23. exd4 Rcf8 24. Rf3 Rh6 25. Qe3 Qe7 26. Bb5 Qd6 27. Rd1 Nf6 28. Rg3 Ne4 29. Rh3 Rff6 30. Rxh6 Rxh6 31. Rf1 Nf6 32. h3 Bc8 33. Rf2 Nd7 34. g4 Rh5 35. g5 1/2-1/2

[Event "WSTCC-65 2024"]
[Site "Krakow"]
[Date "2024.07.03"]
[Round "2.16"]
[White "Aragones-Melhem, Georgy"]
[Black "Petran, Peter"]
[Result "1/2-1/2"]
[ECO "B16"]
[WhiteElo "2079"]
[BlackElo "2195"]
[Annotator "RC"]
[PlyCount "45"]
[EventDate "2024.07.01"]
[EventType "team-tourn"]
[EventCountry "POL"]
[SourceTitle "playchess.com"]
[Source "ChessBase"]
[SourceQuality "1"]
[TimeControl "40/5400+30:1800+30"]

1. e4 c6 2. d4 d5 3. Nc3 dxe4 4. Nxe4 Nf6 5. Nxf6+ gxf6 6. Bc4 Bf5 7. Ne2 Nd7 8. Ng3 Bg6 9. h4 h5 10. c3 Qa5 11. a4 e5 12. Qe2 O-O-O 13. O-O exd4 14. b4 Qc7 15. cxd4 Bxb4 16. a5 Bc3 17. Be3 Bxa1 18. Rxa1 Rhe8 19. Qf3 Rxe3 20. fxe3 Re8 21. Qf4 Qxf4 22. exf4 f5 23. d5 1/2-1/2

[Event "WSTCC-65 2024"]
[Site "Krakow"]
[Date "2024.07.03"]
[Round "2.16"]
[White "Tsifanskaya, Ludmila A"]
[Black "Malienko, Alexander"]
[Result "1/2-1/2"]
[ECO "A04"]
[WhiteElo "1970"]
[BlackElo "1904"]
[Annotator "NA RC"]
[PlyCount "34"]
[EventDate "2024.07.01"]
[EventType "team-tourn"]
[EventCountry "POL"]
[SourceTitle "playchess.com"]
[Source "ChessBase"]
[SourceQuality "1"]
[TimeControl "40/5400+30:1800+30"]

1. Nf3 c5 2. g3 Nf6 3. Bg2 Nc6 4. O-O d5 5. d4 e6 6. c4 dxc4 7. Qa4 Bd7 8. Qxc4 cxd4 9. Nxd4 Rc8 10. Nxc6 Bxc6 11. Bxc6+ Rxc6 12. Qa4 Bc5 13. Nc3 O-O 14. Bg5 h6 15. Bxf6 Qxf6 16. Ne4 Qd4 17. Nxc5 Qxc5 1/2-1/2

[Event "WSTCC-65 2024"]
[Site "Krakow"]
[Date "2024.07.03"]
[Round "2.17"]
[White "Sosnowska, Elzbieta"]
[Black "White, Alastair F"]
[Result "1-0"]
[ECO "B23"]
[WhiteElo "1810"]
[BlackElo "2022"]
[Annotator "NA RC"]
[PlyCount "43"]
[EventDate "2024.07.01"]
[EventType "team-tourn"]
[EventCountry "POL"]
[SourceTitle "playchess.com"]
[Source "ChessBase"]
[SourceQuality "1"]
[TimeControl "40/5400+30:1800+30"]

1. e4 c5 2. Nc3 g6 3. f4 Nc6 4. Nf3 d6 5. Bc4 Bg7 6. O-O Nd4 7. f5 gxf5 8. Ng5 e6 9. Qh5 Qe7 10. exf5 Nf6 11. Qh4 d5 12. Bb5+ Nxb5 13. Nxb5 a6 14. Nc3 d4 15. fxe6 fxe6 16. Nce4 O-O 17. d3 Bd7 18. Nxh7 Nd5 19. Bg5 Rxf1+ 20. Rxf1 Qe8 21. Nhf6+ Bxf6 22. Bxf6 1-0

[Event "WSTCC-65 2024"]
[Site "Krakow"]
[Date "2024.07.03"]
[Round "2.17"]
[White "Kennedy, Shernaz"]
[Black "Beilfuss, Wilfried"]
[Result "0-1"]
[ECO "E00"]
[WhiteElo "1784"]
[BlackElo "2059"]
[Annotator "NA RC"]
[PlyCount "82"]
[EventDate "2024.07.01"]
[EventType "team-tourn"]
[EventCountry "POL"]
[SourceTitle "playchess.com"]
[Source "ChessBase"]
[SourceQuality "1"]
[TimeControl "40/5400+30:1800+30"]

1. d4 Nf6 2. c4 e6 3. a3 d5 4. e3 Be7 5. Nf3 O-O 6. Nbd2 b6 7. cxd5 exd5 8. b4 c6 9. Ne5 a5 10. Qc2 axb4 11. Nxc6 Nxc6 12. Qxc6 Bd7 13. Qc2 bxa3 14. Bd3 b5 15. e4 dxe4 16. Nxe4 b4 17. Nxf6+ Bxf6 18. Bxh7+ Kh8 19. Be3 Rc8 20. Qb1 g6 21. Bxg6 fxg6 22. Qxg6 Qe7 23. O-O Qh7 24. Qg3 Bc6 25. Qd6 Qe4 26. Qg3 Rg8 27. Qh3+ Qh7 28. Qxh7+ Kxh7 29. f3 Bd5 30. Rf2 Rc3 31. Bd2 Rb3 32. Kf1 Bxd4 33. Rc1 Bxf2 34. Kxf2 Rb2 35. Ke3 Rxg2 36. Rc7+ Rg7 37. Rc5 a2 38. Ra5 Rb1 39. Rxd5 a1=Q 40. f4 Rb3+ 41. Kf2 Qg1+ 0-1

[Event "WSTCC-65 2024"]
[Site "Krakow"]
[Date "2024.07.03"]
[Round "2.18"]
[White "Becker, Norbert"]
[Black "O`Neill, Julie Anne"]
[Result "1-0"]
[ECO "B10"]
[WhiteElo "2047"]
[BlackElo "1806"]
[Annotator "NA RC"]
[PlyCount "43"]
[EventDate "2024.07.01"]
[EventType "team-tourn"]
[EventCountry "POL"]
[SourceTitle "playchess.com"]
[Source "ChessBase"]
[SourceQuality "1"]
[TimeControl "40/5400+30:1800+30"]

1. e4 c6 2. Nc3 d5 3. Nf3 d4 4. Ne2 c5 5. Ng3 Nc6 6. Bb5 Bg4 7. h3 Bxf3 8. Qxf3 Qb6 9. a4 a6 10. Bxc6+ Qxc6 11. O-O Nf6 12. d3 h6 13. Qe2 e5 14. f4 Bd6 15. Nf5 g6 16. Nxh6 Nh5 17. fxe5 Rxh6 18. Bxh6 Bxe5 19. Qg4 Qc7 20. Rf3 Nf6 21. Qh4 Nh5 22. Kf2 1-0

[Event "WSTCC-65 2024"]
[Site "Krakow"]
[Date "2024.07.03"]
[Round "2.18"]
[White "Bhopal, Raj"]
[Black "Marks, Zofia"]
[Result "1-0"]
[ECO "A05"]
[WhiteElo "1991"]
[BlackElo "1906"]
[Annotator "NA RC"]
[PlyCount "91"]
[EventDate "2024.07.01"]
[EventType "team-tourn"]
[EventCountry "POL"]
[SourceTitle "playchess.com"]
[Source "ChessBase"]
[SourceQuality "1"]
[TimeControl "40/5400+30:1800+30"]

1. Nf3 Nf6 2. g3 g6 3. Bg2 Bg7 4. O-O O-O 5. c4 c5 6. Nc3 d6 7. d3 Na6 8. Rb1 Rb8 9. Nb5 Bd7 10. a4 Bxb5 11. axb5 Nb4 12. Bd2 a5 13. Ra1 b6 14. Bc3 Qc7 15. Qd2 Rbd8 16. Rfc1 Rfe8 17. e3 e5 18. Ng5 h6 19. Ne4 Nh7 20. Bxb4 cxb4 21. g4 Qe7 22. Qe2 Kh8 23. Qf3 Rf8 24. Rc2 f5 25. gxf5 gxf5 26. Ng3 Ng5 27. Qd5 Qf7 28. Qxf7 Rxf7 29. h4 f4 30. hxg5 fxg3 31. fxg3 hxg5 32. Bd5 Rf6 33. Rh2+ Bh6 34. Rf1 Rxf1+ 35. Kxf1 Kg7 36. b3 Rf8+ 37. Ke2 Rf6 38. g4 Rf8 39. Be4 Rf6 40. Bf5 Rf8 41. Kf3 Rf6 42. Ke4 Kf7 43. Kd5 Bg7 44. Kc6 e4 45. d4 a4 46. bxa4 1-0